 Dungeon Crawl Stone Soup version 0.31.0-4-g52a2dc7128 (webtiles) character file.

Game seed: 15708190952644829879

3222 dialectric the Spear-Bearer (level 9, 0/79 HPs)
             Began as a Minotaur Fighter on Jan 22, 2024.
             Slain by an orc warlord
             ... wielding a +6 battleaxe
              (5 damage)
             ... in a bailey.
             The game lasted 00:07:51 (4394 turns).

dialectric the Spear-Bearer (Minotaur Fighter)      Turns: 4394, Time: 00:07:52

Health: 0/79       AC: 11    Str: 22    XL:     9   Next: 66%
Magic:  8/8        EV: 12    Int:  5    God:
Gold:   373        SH:  0    Dex: 13    Spells: 8/8 levels left

rFire   . . .        p - +5 trident (vamp)
rCold   . . .        (no shield)
rNeg    . . .        v - +1 ring mail {rPois}
rPois   +            (helmet restricted)
rElec   .            s - +2 cloak
rCorr   .            (no gloves)
SInv    .            (no boots)
Will    +....        (no amulet)
Stlth   +            (no ring)
HPRegen 0.33/turn    (no ring)
MPRegen 0.11/turn

%: no passive effects
@: mighty, enlightened, flying, invisible
A: horns 2, retaliatory headbutt
a: no special abilities


You were in a bailey.
You visited 1 branch of the dungeon, and saw 7 of its levels.
You also visited: Bailey.

You collected 373 gold pieces.

Inventory:

Hand Weapons
 p - a +5 vampiric trident (weapon)
 u - a +1 dire flail of protection
 G - the +3 trident of Breach {speed, rC- rN+ Int+3 Dex+3}
   (You found it on level 5 of the Dungeon)

   Int+3:     It affects your intelligence (+3).
   Dex+3:     It affects your dexterity (+3).
   rC-:       It makes you vulnerable to cold.
   rN+:       It protects you from negative energy.
Missiles
 t - 10 boomerangs
 B - a throwing net
 N - 6 poisoned darts (quivered)
Armour
 i - a +2 buckler
 s - a +2 cloak (worn)
 v - a +1 ring mail of poison resistance (worn)
 M - +0 steam dragon scales
Jewellery
 n - a ring of protection from cold
 q - an amulet of guardian spirit
Wands
 o - a wand of charming (7)
 y - a wand of mindburst (19)
 E - a wand of roots (5)
 F - a wand of polymorph (15)
Scrolls
 a - a scroll of silence {unknown}
 c - a scroll of noise
 f - a scroll of teleportation
 g - a scroll of vulnerability
 k - a scroll of poison {unknown}
 r - 2 scrolls of brand weapon {unknown}
 x - 2 scrolls of revelation {unknown}
 z - a scroll of immolation {unknown}
 C - a scroll of enchant weapon {unknown}
 D - 2 scrolls of identify {unknown}
 K - a scroll of fear {unknown}
 P - a scroll of blinking {unknown}
Potions
 b - a potion of degeneration {unknown}
 d - a potion of might
 e - 2 potions of magic {unknown}
 h - a potion of enlightenment
 j - 2 potions of resistance {unknown}
 l - 3 potions of invisibility
 m - 2 potions of cancellation {unknown}
 w - a potion of haste {unknown}
 A - a potion of ambrosia {unknown}
 H - a potion of curing {unknown}
 I - a potion of heal wounds {unknown}
 J - a potion of lignification {unknown}
 L - a potion of attraction {unknown}
 O - a potion of mutation {unknown}


   Skills:
 + Level 7.6 Fighting
 + Level 6.2 Maces & Flails
 * Level 10.9 Polearms
 + Level 0.3 Throwing
 + Level 7.4 Armour
 - Level 4.0 Dodging
 - Level 0.1 Stealth
 * Level 4.1 Shields


You had 8 spell levels left.
You didn't know any spells.
Your spell library contained the following spells:

 Spells                   Type           Power      Damage    Failure   Level
 Magic Dart               Conj           0%         1d3       63%         1
 Searing Ray              Conj           0%         2d4       77%         2
 Fulminant Prism          Conj/Alch      0%         3d5       100%        4
 Vhi's Electric Charge    Tloc/Air       0%         N/A       100%        4
 Arcjolt                  Conj/Air       0%         1d10      100%        5
 Plasma Beam              Fire/Air       0%         2x1d10    100%        6


Dungeon Overview and Level Annotations

Branches:
Dungeon (7/15)             Temple (0/1) D:7          Bailey (1/1)

Altars:
Fedhas
Ru

Annotations:
D:6 Maggie


Innate Abilities, Weirdness & Mutations

You have a pair of horns on your head.
You reflexively headbutt those who attack you in melee.


Message History

The orc shouts!
The orc warlord roars a battlecry!
The orc goes into a battle-frenzy!
Unknown command.
You barely miss the orc warlord.
You headbutt the orc warlord, but do no damage.
The orc warlord closely misses you.
You puncture the orc warlord!
The orc warlord is lightly wounded.
You puncture the orc warlord! You headbutt the orc warlord.
The orc warlord is moderately wounded.
The orc warlord hits you with a +6 battleaxe!
The kobold throws a boomerang.
The boomerang hits you but does no damage.
You puncture the orc warlord!
You feel better.
The orc warlord is moderately wounded.
The orc warlord hits you with a +6 battleaxe!!
You impale the orc warlord!!
You feel better.
The orc warlord is heavily wounded.
You completely miss the orc warlord.
The orc warlord is heavily wounded.
The orc warlord hits you with a +6 battleaxe!!
* * * LOW HITPOINT WARNING * * *
You completely miss the orc warlord.
The orc warlord is heavily wounded.
The orc warlord hits you with a +6 battleaxe!!
* * * LOW HITPOINT WARNING * * *
Unknown command.
Okay, then.
The kobold barely misses you. The kobold hits you but does no damage.
It was a potion of invisibility.
You fade into invisibility!
The orc warlord barely misses you. The kobold closely misses you.
Unknown command.
It was a potion of enlightenment.
You feel very buoyant.
You fly up into the air.
The orc warlord hits you with a +6 battleaxe.
You die...

##.....#~~#~. .) #...
##....#~..... .?~#...
#...##~8.8.. .8##...
#...'~~g.... .o#....
#...'~o....∩....#....
#...'~~.........#....
#..o##~8.8...8.8##...
##..Ko#~........?~#...
##..).@#~~#~.. .)~#...
##.....(#### ~~ #...
#...8..(.).# #....
#$.........'..K. ...8.
#!.........#~~~~
##?.8..8...# ~~~
##.......## ~
##!....## ##!$.##


You could see an orc warlord (unable to see you), an orc (strong, unable to see
you), a goblin (unable to see you) and a kobold (unable to see you).

Vanquished Creatures
  An orc knight (Bailey)
  Grinder (D:5)
  Prince Ribbit (D:5)
  Sigmund (D:5)
  A steam dragon (D:7)
  Menkaure (D:4)
  Edmund (D:4)
  2 ice beasts
  3 orc warriors (Bailey)
  A black bear (D:6)
  A centaur (D:7)
  A phantom (D:5)
  A gnoll sergeant (D:6)
  A bullfrog (D:7)
  2 scorpions (D:6)
  3 wights (D:7)
  4 bombardier beetles
  5 jellies
  2 hounds
  An iguana (D:5)
  An orc wizard (D:6)
  Ijyb (D:5)
  Robin (D:4)
  11 gnolls
  9 adders
  A white imp (D:3)
  4 ufetubi (D:5)
  5 dart slugs
  2 ribbon worms (D:2)
  9 orcs
  7 ball pythons
  2 bats
  4 endoplasms
  2 giant cockroaches
  22 goblins
  15 hobgoblins
  3 jackals (D:2)
  7 quokkas
  4 frilled lizards
  18 kobolds
  8 rats
170 creatures vanquished.

Notes
Turn   | Place    | Note
-------+----------+-------------------------------------------
     0 | D:1      | dialectric the Minotaur Fighter began the quest for the
                  | Orb.
     0 | D:1      | Reached XP level 1. HP: 19/19 MP: 0/0
   143 | D:1      | Reached XP level 2. HP: 27/27 MP: 1/1
   263 | D:1      | Reached skill level 1 in Dodging
   599 | D:2      | Reached XP level 3. HP: 23/33 MP: 2/2
   692 | D:2      | Reached XP level 4. HP: 40/41 MP: 3/3
  1391 | D:4      | Reached XP level 5. HP: 47/47 MP: 4/4
  1492 | D:4      | Noticed Menkaure
  1498 | D:4      | Killed Menkaure
  1499 | D:4      | Reached skill level 5 in Maces & Flails
  1499 | D:4      | Reached skill level 5 in Armour
  1499 | D:4      | Reached XP level 6. HP: 55/55 MP: 5/5
  1795 | D:4      | Noticed Robin
  1829 | D:4      | Killed Robin
  1992 | D:4      | Found a blossoming altar of Fedhas.
  2111 | D:4      | Noticed Edmund
  2120 | D:4      | Killed Edmund
  2121 | D:4      | Reached skill level 5 in Fighting
  2121 | D:4      | Reached skill level 1 in Polearms
  2388 | D:5      | Entered Level 5 of the Dungeon
  2467 | D:5      | Noticed Prince Ribbit
  2481 | D:5      | Killed Prince Ribbit
  2482 | D:5      | Reached skill level 2 in Polearms
  2482 | D:5      | Reached XP level 7. HP: 47/61 MP: 6/6
  2664 | D:5      | Noticed Grinder
  2673 | D:5      | Killed Grinder
  2674 | D:5      | Reached skill level 3 in Polearms
  2739 | D:5      | Noticed Ijyb
  2753 | D:5      | Reached skill level 4 in Polearms
  2758 | D:5      | Killed Ijyb
  2759 | D:5      | Reached XP level 8. HP: 69/69 MP: 7/7
  2764 | D:5      | Noticed Sigmund
  2783 | D:5      | Killed Sigmund
  2784 | D:5      | Reached skill level 5 in Polearms
  3067 | D:5      | Identified the +3 trident of Breach {speed, rC- rN+ Int+3
                  | Dex+3}
  3269 | D:5      | Reached skill level 6 in Polearms
  3550 | D:6      | Identified the +7 war axe of Cousetwe {holy, ^Drain Fly rN+
                  | Dex+3}
  3753 | D:6      | Reached skill level 7 in Polearms
  3757 | D:6      | Found a sacrificial altar of Ru.
  3822 | D:6      | Reached skill level 8 in Polearms
  3922 | D:6      | Noticed Maggie
  3933 | D:7      | Reached XP level 9. HP: 77/78 MP: 8/8
  4092 | D:7      | Reached skill level 9 in Polearms
  4133 | D:7      | Found a staircase to the Ecumenical Temple.
  4230 | D:7      | Found a flagged portal.
  4240 | Bailey   | Entered a bailey
  4247 | Bailey   | Noticed an orc warlord
  4285 | Bailey   | Reached skill level 10 in Polearms
  4326 | Bailey   | Found a runed translucent gate.
  4326 | Bailey   | Found a runed translucent gate.
  4350 | Bailey   | Found a runed translucent gate.
  4356 | Bailey   | Noticed an orc knight
  4369 | Bailey   | Killed an orc knight
  4390 | Bailey   | HP: 3/79 [orc warlord/+6 battleaxe (19)]
  4394 | Bailey   | Slain by an orc warlord

Illustrated notes

Levels and vault maps discovered:
D:1:      pf_arrival_petrified_forest, layout_basic
D:2:      layout_rooms, uniq_crazy_yiuf_cottage
D:3:      layout_basic
D:4:      cheibrodos_greedy_goblins, layout_rooms, kennysheep_mini,
          minmay_pentangle, uniq_edmund, uniq_robin, uniq_menkaure
D:5:      layout_loops_ring, hangedman_decor_slide_cut, nicolae_goblin_pals,
          uniq_sigmund, uniq_grinder, uniq_prince_ribbit1
D:6:      layout_loops_cross, lemuel_round_altar,
          nicolae_twisty_statue_hallways, uniq_maggie
D:7:      kennysheep_six_static_rooms, layout_cave_pools,
          minmay_temple_entry_antechambers, enter_bailey_2
Bailey:   bailey_axe_bossmonster_kennysheep, bailey

Skill      XL: |  1  2  3  4  5  6  7  8  9 |
---------------+----------------------------+-----
Fighting       | 4 5 6 7 |  7.6
Dodging        | 1 2 3 4 |  4.0
Armour         | 4 5 6 7 |  7.4
Maces & Flails | 3 4 5 6 |  6.2
Polearms       | 2 4 8 10 | 10.9
Shields        | 4 |  4.1
Throwing       | |  0.3
Stealth        | |  0.1

Action                     |  1- 3 |  4- 6 |  7- 9 || total
---------------------------+-------+-------+-------++-------
  Melee: Flail             |    69 |   117 |       ||   186
         Headbutt          |     7 |    20 |    33 ||    60
         Trident           |       |    33 |   218 ||   251
         Punch             |       |       |     2 ||     2
  Throw: Boomerang         |       |     2 |       ||     2
  Evoke: Wand              |       |       |     1 ||     1
    Use: Scroll            |       |       |     5 ||     5
         Potion            |       |       |     3 ||     3
 Armour: Scale mail        |    63 |    99 |       ||   162
         Ring mail         |       |     7 |   119 ||   126
  Dodge: Dodged            |    46 |    90 |   109 ||   245
